 Dungeon Crawl Stone Soup version 0.18.1-50-g88ac8fd (webtiles) character file.

12188 nikopol the Cleaver (level 11, 0/148 HPs)
             Began as a Minotaur Berserker on Oct 2, 2016.
             Was a High Priest of Trog.
             Slain by a blink frog (11 damage)
             ... on level 1 of the Lair of Beasts on Oct 3, 2016.
             The game lasted 00:31:48 (10716 turns).

nikopol the Cleaver (Minotaur Berserker)           Turns: 10716, Time: 00:31:49

Health: 0/148      AC: 11    Str: 28    XL:     11   Next: 59%
Magic:  10/10      EV: 15    Int:  4    God:    Trog [*****.]
Gold:   546        SH:  0    Dex: 12    Spells: 0 memorised, 10 levels left

rFire  . . .     SeeInvis .     a - +7 battleaxe of Lawkomuc {chop, rPois rC+}
rCold  + . .     Gourm    .     i - +0 scale mail
rNeg   + . .     Faith    .     (shield currently unavailable)
rPois  +         Spirit   .     (helmet restricted)
rElec  .         Dismiss  .     p - +0 cloak
rCorr  .         Reflect  .     (no gloves)
SustAt .         Harm     +     y - +0 pair of boots
MR     +....                    M - amulet of harm
Stlth  ..........               H - ring of protection from magic
                                I - ring of positive energy

@: berserking, very quick, somewhat resistant to hostile enchantments, extremely
unstealthy
A: retaliatory headbutt, horns 2
a: Berserk, Trog's Hand, Brothers in Arms, Burn Spellbooks, Renounce Religion


You were on level 1 of the Lair of Beasts.
You worshipped Trog.
Trog was extremely pleased with you.
You were hungry.

You visited 2 branches of the dungeon, and saw 11 of its levels.

You collected 546 gold pieces.

Inventory:

Hand Weapons
 a - the +7 battleaxe of Lawkomuc (weapon) {chop, rPois rC+}
   (Trog gifted it to you on level 9 of the Dungeon)

   It inflicts extra damage upon your enemies.
   It protects you from cold.
   It protects you from poison.
 z - a +0 shortbow
 L - a +1 battleaxe
 T - a +2 antimagic battleaxe
Missiles
 o - 111 arrows (quivered)
Armour
 i - a +0 scale mail (worn)
 p - a +0 cloak (worn)
 y - a +0 pair of boots (worn)
Jewellery
 n - an uncursed ring of resist corrosion
 E - an uncursed ring of protection from fire
 H - a ring of protection from magic (right hand)
 I - a ring of positive energy (left hand)
 M - an amulet of harm (around neck)
 R - an uncursed amulet of the gourmand {unknown}
Scrolls
 f - 2 scrolls of recharging {unknown}
 j - 5 scrolls of blinking {unknown}
 l - 5 scrolls of amnesia {unknown}
 q - 6 scrolls of remove curse
 D - a scroll of random uselessness {unknown}
 F - 4 scrolls of immolation {unknown}
 N - a scroll of teleportation {unknown}
 Q - a scroll of enchant weapon {unknown}
 S - a scroll of magic mapping {unknown}
Potions
 d - 4 potions of ambrosia
 e - 2 potions of cure mutation
 h - 6 potions of curing
 t - a potion of heal wounds
 u - a potion of resistance {unknown}
 v - a potion of flight {unknown}
 C - a potion of magic {unknown}
Comestibles
 c - 6 bread rations
 k - 8 meat rations
 r - 20 royal jellies
 w - 2 slices of pizza
 x - 10 fruits
 K - 6 beef jerkies


   Skills:
 + Level 10.0 Fighting
 * Level 12.0 Axes
 + Level 8.5 Bows
 + Level 10.1 Armour
 + Level 9.1 Dodging


You had 10 spell levels left.
You didn't know any spells.

Dungeon Overview and Level Annotations

Branches:
Dungeon (10/15)            Temple (0/1) D:5            Lair (1/8) D:10
    Orc (0/2) D:10

Altars:
Dithmenos
Fedhas
Gozag
Makhleb
Pakellas
Ru
Sif Muna
Trog
Yredelemnul

Shops:
D:7 (


Innate Abilities, Weirdness & Mutations

You reflexively headbutt those who attack you in melee.
You have a pair of horns on your head.


Message History

an arrow; a blink frog corpse You miss the blink frog.
The blink frog is severely wounded.
You slash the blink frog!
You kill the blink frog!
Trog accepts your kill. The blink frog hits you.
* * * LOW HITPOINT WARNING * * *
You miss the blink frog.
The blink frog is severely wounded.
The blink frog hits you but does no damage.
You barely miss the blink frog. Your headbutt misses the blink frog.
The blink frog is severely wounded.
The blink frog hits you.
* * * LOW HITPOINT WARNING * * *
Your scale mail prevents you from hitting the blink frog.
Your headbutt misses the blink frog.
The blink frog is severely wounded.
The blink frog hits you!
You die...

# ### ###
##.####.#############.##
.....(..................
.......F................
...(...@...[............
.##.P.....#P######.#....
#..#..†..### ###....
.........## #....
....#...###### ###..
....+..###≈≈≈## ##.. .#.
#(. #≈≈≈P.# ###... # #..
#≈≈<.######..... #..
#≈≈...#......P..


You could see a blink frog.

Vanquished Creatures
  A hill giant (D:10)
  The ghost of Elystan the Quickloader, a novice FoAM (D:6)
  A gargoyle (D:10)
  2 trolls
  A slime creature (D:8)
  Grinder (D:6)
  A queen bee (D:9)
  4 blink frogs (Lair:1)
  Sigmund (D:5)
  The ghost of BlackFoxy the Ruffian, an amateur TrCK of Makhleb (D:3)
  6 yaks (D:9)
  A wraith (D:9)
  Grum (D:10)
  A hippogriff (D:9)
  2 water moccasins
  A sky beast (D:9)
  5 ice beasts
  2 orc warriors (D:10)
  2 phantoms
  2 black bears (D:7)
  2 wasps (D:8)
  2 wolves (D:10)
  7 ogres
  An eye of draining (D:10)
  5 centaurs
  5 big kobolds
  A wyvern zombie (D:7)
  5 giant frogs
  14 wights
  34 killer bees
  3 howler monkeys
  6 crimson imps
  A centaur zombie (D:7)
  5 hounds
  6 jellies (D:8)
  Crazy Yiuf (D:2)
  3 centaur skeletons
  A giant frog skeleton (D:6)
  7 orc priests
  9 orc wizards
  2 iguanas
  7 worker ants
  A killer bee zombie (D:9)
  A hound skeleton (D:10)
  A howler monkey skeleton (D:8)
  7 adders
  A shadow imp (D:9)
  14 oozes (D:8)
  An adder zombie (D:5)
  4 worms
  7 dart slugs
  7 giant geckos
  66 orcs
  A ball python (D:3)
  3 giant cockroaches
  10 goblins
  6 hobgoblins
  12 jackals
  22 kobolds
  2 quokkas
  8 bats
  5 giant newts
  A jackal zombie (D:8)
  6 rats (D:1)
  A spectral orc (D:6)
  4 fungi (D:2)
355 creatures vanquished.

Vanquished Creatures (others)
  3 fungi (D:8)
3 creatures vanquished.

Grand Total: 358 creatures vanquished

Notes
Turn   | Place    | Note
--------------------------------------------------------------
     0 | D:1      | nikopol the Minotaur Berserker began the quest for the Orb.
     0 | D:1      | Reached XP level 1. HP: 19/19 MP: 0/0
   154 | D:1      | Reached XP level 2. HP: 7/27 MP: 1/1
   620 | D:1      | Reached skill level 4 in Axes
   796 | D:1      | Reached ** piety under Trog
   821 | D:1      | Reached XP level 3. HP: 33/33 MP: 2/2
  1379 | D:2      | Noticed Crazy Yiuf
  1384 | D:2      | Killed Crazy Yiuf
  1384 | D:2      | Reached XP level 4. HP: 40/40 MP: 3/3
  1595 | D:2      | Found an oddly glowing altar of Pakellas.
  2101 | D:3      | Noticed BlackFoxy's ghost (amateur TrCK)
  2111 | D:3      | Killed BlackFoxy's ghost
  2111 | D:3      | Reached skill level 5 in Fighting
  2111 | D:3      | Reached skill level 5 in Axes
  2111 | D:3      | Reached XP level 5. HP: 48/48 MP: 4/4
  2113 | D:3      | Reached XP level 6. HP: 56/56 MP: 5/5
  2120 | D:3      | Reached *** piety under Trog
  2528 | D:4      | Reached skill level 5 in Armour
  2652 | D:4      | Reached XP level 7. HP: 31/61 MP: 6/6
  2825 | D:4      | Reached skill level 6 in Axes
  2825 | D:4      | Reached skill level 5 in Dodging
  3541 | D:5      | Entered Level 5 of the Dungeon
  3588 | D:5      | Found a staircase to the Ecumenical Temple.
  3619 | D:5      | Noticed Sigmund
  3623 | D:5      | Killed Sigmund
  3623 | D:5      | Reached XP level 8. HP: 71/71 MP: 7/7
  3662 | D:5      | Reached **** piety under Trog
  3849 | D:5      | Reached skill level 7 in Axes
  4142 | D:6      | Noticed Elystan's ghost (novice FoAM)
  4153 | D:6      | Killed Elystan's ghost
  4447 | D:6      | Found a basalt altar of Yredelemnul.
  4571 | D:6      | Noticed Grinder
  4574 | D:6      | Reached XP level 9. HP: 79/79 MP: 8/8
  4578 | D:6      | Paralysed by Grinder for 7 turns
  4594 | D:6      | Killed Grinder
  4594 | D:6      | Reached skill level 8 in Axes
  5211 | D:7      | Found Tekh's Antique Weapon Shop.
  5578 | D:7      | Reached skill level 9 in Axes
  5969 | D:8      | Reached skill level 5 in Bows
  6041 | D:8      | Reached ***** piety under Trog
  6067 | D:8      | Found a bloodstained altar of Trog.
  6155 | D:8      | Reached XP level 10. HP: 78/90 MP: 9/9
  6287 | D:8      | Received a gift from Trog
  6473 | D:8      | Paralysed by a wasp for 2 turns
  6992 | D:8      | Reached skill level 10 in Axes
  7236 | D:9      | Received a gift from Trog
  7649 | D:8      | HP: 5/136 [killer bee (8)]
  7655 | D:8      | HP: 3/136 [poisoned by a killer bee]
  7662 | D:8      | HP: 3/91 [poisoned by a killer bee]
  7891 | D:9      | Received a gift from Trog
  7897 | D:9      | Reached skill level 11 in Axes
  7957 | D:8      | HP: 4/136 [killer bee (11)]
  7962 | D:8      | HP: 3/91 [poisoned by a killer bee]
  8393 | D:9      | Found a deep blue altar of Sif Muna.
  8413 | D:9      | Found a sacrificial altar of Ru.
  8416 | D:9      | Found an opulent altar of Gozag.
  8417 | D:9      | Found a shadowy altar of Dithmenos.
  8418 | D:9      | Found a blossoming altar of Fedhas.
  8420 | D:9      | Found a burning altar of Makhleb.
  8514 | D:9      | Received a gift from Trog
  8530 | D:9      | Reached XP level 11. HP: 97/97 MP: 10/10
  8536 | D:9      | Got a pitted battleaxe {god gift}
  8560 | D:9      | Identified the +7 battleaxe of Lawkomuc {chop, rPois rC+} (Trog gifted it to you on level 9 of the Dungeon)
  8896 | D:10     | Entered Level 10 of the Dungeon
  8928 | D:10     | Noticed a hill giant
  8937 | D:10     | Killed a hill giant
  9604 | D:10     | Noticed Grum
  9613 | D:10     | Killed Grum
  9800 | D:10     | Received a gift from Trog
  9908 | D:10     | Found a staircase to the Lair.
  9985 | D:10     | Reached skill level 10 in Armour
 10210 | D:10     | Found a staircase to the Orcish Mines.
 10651 | Lair:1   | Entered Level 1 of the Lair of Beasts
 10700 | Lair:1   | Reached skill level 10 in Fighting
 10711 | Lair:1   | Reached skill level 12 in Axes
 10716 | Lair:1   | Slain by a blink frog

Skill      XL: |  1  2  3  4  5  6  7  8  9 10 11 |
---------------+----------------------------------+-----
Axes           | 4 5 6 7 9 11 12 | 12.0
Dodging        | 3 4 5 6 7 8 9 |  9.1
Armour         | 3 4 5 6 7 8 9 10 | 10.1
Fighting       | 4 5 6 7 8 9 10 | 10.0
Bows           | 3 5 7 8 |  8.5

Action                   |  1- 3 |  4- 6 |  7- 9 | 10-12 || total
-------------------------+-------+-------+-------+-------++-------
Melee: Hand axe          |   102 |    95 |    66 |       ||   263
       Headbutt          |    18 |    17 |    25 |    55 ||   115
       War axe           |       |       |    71 |   213 ||   284
       Battleaxe         |       |       |       |    92 ||    92
 Fire: Shortbow          |       |       |   208 |   137 ||   345
Invok: Berserk           |     2 |     1 |     5 |     6 ||    14
       Trog's Hand       |       |       |       |     2 ||     2
  Use: Scroll            |       |       |       |     7 ||     7
  Eat: Chunk             |     2 |     7 |    16 |    15 ||    40
       Pizza             |       |       |       |     3 ||     3
Armor: Animal skin       |     1 |       |       |       ||     1
       Scale mail        |    30 |    39 |    72 |   112 ||   253
Dodge: Dodged            |    51 |    55 |   109 |   258 ||   473
